 Dungeon Crawl Stone Soup version 0.29-a0-575-g0dc89cf053 (webtiles) character file.

Game seed: 14847180915477904606

273 xian the Conjurer (level 6, -6/32 HPs)
             Began as a Deep Elf Conjurer on June 12, 2022.
             Was an Initiate of Gozag.
             Killed by divine providence
             ... invoked by an orc priest
              (11 damage)
             ... on level 4 of the Dungeon.
             The game lasted 00:06:25 (2813 turns).

xian the Conjurer (Deep Elf Conjurer)               Turns: 2813, Time: 00:06:25

Health: -6/32      AC:  4    Str:  4    XL:     6   Next: 2%
Magic:  6/16       EV: 13    Int: 25    God:    Gozag
Gold:   319        SH:  0    Dex: 13    Spells: 12/16 levels left

rFire   . . .      SeeInvis .   i - staff of conjuration
rCold   . . .      Faith    .   (no shield)
rNeg    . . .      Spirit   .   a - +0 robe
rPois   .          Reflect  .   (no helmet)
rElec   .          Harm     .   q - +0 cloak
rCorr   .          Rampage  .   (no gloves)
Will    .....                   t - +0 pair of boots
Stlth   ++........              (no amulet)
HPRegen 0.10/turn               (no ring)
MPRegen 0.15/turn               (no ring)

@: no status effects
A: no striking features
a: Renounce Religion, Potion Petition, Call Merchant, Bribe Branch


You were on level 4 of the Dungeon.
You worshipped Gozag.
Gozag was aware of your devotion.
You visited 1 branch of the dungeon, and saw 4 of its levels.

You collected 335 gold pieces.
You paid 16 gold pieces to Gozag.

Inventory:

Hand Weapons
 u - a +3 vampiric hand axe
Missiles
 c - 8 poisoned darts
Armour
 a - a +0 robe (worn)
 j - a +2 ring mail of fire resistance
 q - a +0 cloak (worn)
 t - a +0 pair of boots (worn)
Magical Staves
 i - a staff of conjuration (weapon)
Scrolls
 d - 2 scrolls of teleportation
 k - a scroll of enchant weapon
 l - a scroll of blinking
 m - 2 scrolls of immolation
 r - 2 scrolls of vulnerability
Potions
 b - a potion of magic
 e - 2 potions of mutation
 f - 3 potions of flight
 g - a potion of ambrosia
 h - 2 potions of brilliance
 n - 2 potions of heal wounds {unknown}
 o - a potion of curing {unknown}
 p - a potion of lignification {unknown}
 s - a potion of invisibility {unknown}


   Skills:
 + Level 0.1 Fighting
 + Level 0.1 Staves
 + Level 3.1 Dodging
 + Level 3.5 Stealth
 + Level 5.7 Spellcasting
 + Level 6.1 Conjurations


You had 12 spell levels left.
You knew the following spells:

 Your Spells              Type           Power      Damage    Failure   Level
a - Magic Dart            Conj           100%       1d8       1%          1
b - Searing Ray           Conj           100%       2d8       1%          2
c - Slow                  Hex            28%        N/A       8%          1

Your spell library contained the following spells:

 Spells                   Type           Power      Damage    Failure   Level
 Foxfire                  Conj/Fire      100%       2x1d9     2%          1
 Conjure Flame            Conj/Fire      33%        6-21      6%          3
 Dazzling Flash           Conj/Hex       66%        N/A       6%          3
 Beastly Appendage        Tmut           14%        N/A       8%          1
 Wereblood                Tmut           7%         N/A       12%         2
 Confusing Touch          Hex            7%         N/A       22%         3
 Inner Flame              Hex/Fire       7%         N/A       22%         3
 Spider Form              Tmut/Pois      7%         N/A       22%         3
 Vampiric Draining        Necr           7%         2d6       22%         3
 Flame Wave               Conj/Fire      33%        2d8       22%         4
 Fulminant Prism          Conj/Hex       16%        3d11      22%         4
 Iskenderun's Mystic Bla  Conj/Tloc      33%        2d8       22%         4


Dungeon Overview and Level Annotations

Branches:
Dungeon (4/15)             Temple (0/1) D:4

Altars:
Elyvilon
Gozag
Wu Jian

Shops:
D:1 [


Message History

You feel a surge of power!
The magic dart hits the orc priest!
The orc priest is severely wounded.
An orc priest comes into view. It is wielding a +2 dagger of venom.
You feel a surge of power!
The magic dart hits the orc priest.
The orc priest is almost dead.
The orc priest shouts!
The orc priest mumbles some strange prayers to Beogh against you.
Beogh smites you!
You are too injured to fight recklessly!
You are too injured to fight recklessly!
Aiming: Magic Dart (safe; 1% risk of failure)
Press: ? - help, Q - select action, (/) - cycle Shift-Dir - straight line, f/p - orc priest
Aim: an orc priest, wielding a +0 hand axe (almost dead, 100% to hit)
You feel a surge of power!
The magic dart hits the orc priest.
The orc priest is almost dead.
The orc priest mumbles some strange prayers to Beogh against you.
Beogh smites you!
* * * LOW HITPOINT WARNING * * *
The orc priest calls upon Beogh to heal the orc priest.
The orc priest is healed somewhat.
Aiming: Magic Dart (safe; 1% risk of failure)
Press: ? - help, Q - select action, (/) - cycle Shift-Dir - straight line, f/p - orc priest
Aim: an orc priest, wielding a +0 hand axe (severely wounded, 100% to hit)
Okay, then.
Okay, then.
Casting: Magic Dart (safe; 1% risk of failure)
Confirm with . or Enter, or press ? or * to list all spells.
Aiming: Searing Ray (safe; 1% risk of failure)
Press: ? - help, Shift-Dir - straight line, f/p - orc priest
Aim: an orc priest, wielding a +0 hand axe (severely wounded, 83% to hit)
You feel a surge of power!
The searing ray hits the orc priest!
You kill the orc priest! (Press . to maintain the ray.)
You have reached level 6!
You see here a +0 hand axe.
You see here a +0 club.
The orc priest invokes the aid of Beogh against you.
Beogh smites you!
You die...
Your body crumbles into a pile of gold.

...... ..... ..... .
..|.. ....# .. h...
....# # #..
#..###...#..
#...##.#.#..... ..
............###..#
#.........#..#.
###@........... >.
..#.###.............
.$##.#.................
..........##...........
...$...### #...........
<......## #...........
........# #o.......#..
#.......## #........#
.........###.........#


You could see an orc priest.

Vanquished Creatures
  A hound (D:4)
  Crazy Yiuf (D:3)
  An orc priest (D:4)
  Natasha (thrice) (D:3)
  6 adders
  A worm (D:2)
  A dart slug (D:3)
  3 orcs (D:4)
  3 endoplasms
  2 giant cockroaches (D:2)
  4 goblins
  8 hobgoblins
  2 jackals (D:2)
  2 kobolds (D:2)
  5 ball pythons
  5 bats
  A frilled lizard (D:2)
  3 rats
52 creatures vanquished.

Notes
Turn   | Place    | Note
-------+----------+-------------------------------------------
     0 | D:1      | xian the Deep Elf Conjurer began the quest for the Orb.
     0 | D:1      | Reached XP level 1. HP: 10/10 MP: 6/6
    75 | D:1      | Found a faded altar of an unknown god.
   227 | D:1      | Found Sixu's Armour Shoppe.
   605 | D:2      | Reached XP level 2. HP: 15/15 MP: 4/8
   662 | D:2      | Reached skill level 5 in Conjurations
   744 | D:2      | Reached XP level 3. HP: 19/19 MP: 3/9
   914 | D:2      | Learned a level 2 spell: Searing Ray
   916 | D:2      | Learned a level 1 spell: Slow
  1077 | D:2      | Found an opulent altar of Gozag.
  1089 | D:2      | Became a worshipper of Gozag Ym Sagoz the Greedy
  1507 | D:3      | Reached XP level 4. HP: 18/24 MP: 5/11
  1705 | D:3      | Found a white marble altar of Elyvilon.
  1705 | D:3      | Found an ornate altar of the Wu Jian Council.
  2039 | D:3      | Noticed Natasha
  2042 | D:3      | Killed Natasha
  2103 | D:3      | Noticed Natasha
  2111 | D:3      | Killed Natasha
  2190 | D:3      | Found a runed translucent door.
  2191 | D:3      | Noticed Crazy Yiuf
  2198 | D:3      | Killed Crazy Yiuf
  2199 | D:3      | Reached skill level 5 in Spellcasting
  2199 | D:3      | Reached XP level 5. HP: 18/28 MP: 4/14
  2518 | D:3      | Found a faded altar of an unknown god.
  2556 | D:3      | Noticed Natasha
  2558 | D:3      | Killed Natasha
  2773 | D:4      | Reached skill level 6 in Conjurations
  2790 | D:4      | Found a staircase to the Ecumenical Temple.
  2799 | D:4      | Reached XP level 6. HP: 4/32 MP: 4/16
  2813 | D:4      | Killed from afar by an orc priest

Illustrated notes

Levels and vault maps discovered:
D:1:      dpeg_arrival_round_c, layout_basic, serial_shops,
          nicolae_shop_advertising_works [nicolae_subvault_shop_adworks],
          shapermc_ecumenical_altar_ellora, bh_walls_and_bars
D:2:      layout_rooms, basic_altar
D:3:      layout_loops_corners, nicolae_overflow_ecumenical_swirl,
          jmf_multi_god_temple, uniq_crazy_yiuf_cottage, uniq_natasha
D:4:      layout_cave_pools, mainiacjoe_overflow_paths,
          minmay_temple_entry_proselytizer

Skill      XL: |  1  2  3  4  5 |
---------------+----------------+-----
Conjurations   | 5 6 |  6.1
Stealth        | 3 |  3.5
Spellcasting   | 5 |  5.7
Dodging        | 3 |  3.1
Fighting       | |  0.1
Staves         | |  0.1

Action                   |  1- 3 |  4- 6 || total
-------------------------+-------+-------++-------
Melee: Dagger            |     1 |       ||     1
       Staff             |       |     3 ||     3
 Cast: Magic Dart        |    68 |    29 ||    97
       Searing Ray       |       |     8 ||     8
  Use: Scroll            |     6 |     5 ||    11
Armor: Robe              |     3 |    10 ||    13
Dodge: Dodged            |     3 |    20 ||    23

Table legend: (Time is in decaauts)
 A = Elapsed time spent in this place.
 B = Non-inter-level travel time spent in this place.
 C = Inter-level travel time spent in this place.
 D = Time resting spent in this place.
 E = Time spent auto-exploring this place.
 F = Levels seen in this place.
 G = Mean time per level.
                   A        B        C        D        E       F      G
               +--------+--------+--------+--------+--------+-----+--------+
         Total |   2820 |   2769 |     51 |      0 |   2319 |   4 |  705.0 |
       Dungeon |   2820 |   2769 |     51 |      0 |   2319 |   4 |  705.0 |
               +--------+--------+--------+--------+--------+-----+--------+

Top non-repeatable levels by time:
     D:3: 1284 daAuts
     D:2: 851 daAuts
     D:1: 600 daAuts
     D:4: 84 daAuts
